 Dungeon Crawl Stone Soup version 0.31-a0-1009-g454b1f1e0a (webtiles) character file.

Game seed: 6384076998954797023

45191 BinkBink the Basher (level 14, 0/113 HPs)
             Began as a Demonspawn Gladiator on Nov 14, 2023.
             Was the Champion of Okawaru.
             Slain by a catoblepas (14 damage)
             ... on level 5 of the Lair of Beasts.
             The game lasted 00:29:19 (16217 turns).

BinkBink the Basher (Demonspawn Gladiator)         Turns: 16217, Time: 00:29:20

Health: 0/113      AC: 19    Str: 22    XL:     14   Next: 0%
Magic:  16/16      EV:  3    Int: 14    God:    Okawaru [******]
Gold:   369        SH:  0    Dex: 15    Spells: 13/13 levels left

rFire   + . .        Q - +11 morningstar "Vuptoaja" {venom, Will++ Str+4 Int+3}
rCold   + . .        (no shield)
rNeg    . . .        U - +2 gold dragon scales
rPois   +            a - +2 hat {Will+}
rElec   .            d - +0 cloak
rCorr   +            (no gloves)
SInv    .            k - +0 pair of boots
Will    ++++.        u - amulet of regeneration Stlth
                     c - ring of resist corrosion
HPRegen 1.18/turn    F - ring of poison resistance
MPRegen 0.15/turn

%: no passive effects
@: petrifying, very slow
A: hooves 2, icemail 1, spiny 2, sharp scales 1, condensation shield
a: Renounce Religion, Heroism, Finesse, Duel, Receive Armour


You were on level 5 of the Lair of Beasts.
You worshipped Okawaru.
Okawaru was exalted by your worship.
You visited 3 branches of the dungeon, and saw 17 of its levels.
You also visited: Ossuary and Gauntlet.

You collected 1329 gold pieces.
You spent 960 gold pieces at shops.

Inventory:

Hand Weapons
 q - the +8 Vampire's Tooth {megavamp}
   (You found it in a Gauntlet)
 r - the +8 flail "Wuohi" {protect, SInv}
   (You found it on level 3 of the Dungeon)

   SInv:      It lets you see invisible.
 M - a +0 demon whip of venom
 Q - the +11 morningstar "Vuptoaja" (weapon) {venom, Will++ Str+4 Int+3}
   (You found it in a Gauntlet)

   Str+4:     It affects your strength (+4).
   Int+3:     It affects your intelligence (+3).
   Will++:    It greatly increases your willpower.
 V - a +5 great mace of draining
Missiles
 f - 5 boomerangs
 y - 10 javelins (quivered)
 O - 10 silver javelins
Armour
 a - a +2 hat of willpower (worn)
 d - a +0 cloak (worn)
 k - a +0 pair of boots (worn)
 U - +2 gold dragon scales (worn)
 W - a +1 pair of gloves of dexterity
Jewellery
 c - a ring of resist corrosion (left hand)
 u - an amulet of regeneration (around neck)
 F - a ring of poison resistance (right hand)
 T - the ring "Qido Gih" {Will+ Dex+6}
   (You found it in a Gauntlet)

   [ring of dexterity]

   Dex+6:     It affects your dexterity (+6).
   Will+:     It increases your willpower.
 Y - the ring of Lecimep {rPois Int+3 SInv Stlth-}
   (You found it in a Gauntlet)

   [ring of see invisible]

   Int+3:     It affects your intelligence (+3).
   rPois:     It protects you from poison SInv: It lets you see invisible.
   Stlth-:    It makes you less stealthy.
 Z - the amulet of Arrival {Acrobat Harm *Slow Dex+6 Slay+3}
   (You found it in a Gauntlet)

   [amulet of the acrobat]

   Acrobat:   It increases your evasion while moving and waiting.
   Dex+6:     It affects your dexterity (+6).
   Slay+3:    It affects your accuracy & damage with ranged weapons and melee
   (+3).
   *Slow:     It may slow you when you take damage.
   Harm:      It increases damage dealt and taken.
Wands
 e - a wand of flame (53)
 v - a wand of quicksilver (17)
 w - a wand of digging (3)
 C - a wand of mindburst (12)
 L - a wand of iceblast (11)
Scrolls
 b - 11 scrolls of teleportation
 h - 3 scrolls of noise
 A - a scroll of immolation
 B - 4 scrolls of brand weapon
 E - 4 scrolls of amnesia
 H - 3 scrolls of fear
 K - a scroll of blinking
 P - a scroll of revelation
 R - 3 scrolls of poison
 S - 2 scrolls of vulnerability
Potions
 g - a potion of brilliance {unknown}
 i - 2 potions of resistance {unknown}
 j - 5 potions of heal wounds
 l - a potion of enlightenment {unknown}
 m - 2 potions of cancellation {unknown}
 n - a potion of mutation {unknown}
 o - 7 potions of curing
 p - 3 potions of invisibility {unknown}
 s - 2 potions of haste {unknown}
 t - a potion of might {unknown}
 z - 2 potions of attraction {unknown}
 D - 4 potions of berserk rage
 I - a potion of degeneration {unknown}
 J - 2 potions of lignification {unknown}


   Skills:
 + Level 11.3 Fighting
 - Level 3.5(9.8) Axes
 * Level 14.0(14.2) Maces & Flails
 + Level 10.4 Throwing
 + Level 10.6 Dodging
 + Level 3.2 Invocations


You had 13 spell levels left.
You didn't know any spells.
Your spell library contained the following spells:

 Spells                   Type           Power      Damage    Failure   Level
 Foxfire                  Conj/Fire      0%         2x1d4     100%        1
 Magic Dart               Conj           0%         1d3       100%        1
 Slow                     Hex            0%         N/A       100%        1
 Scorch                   Fire           0%         2d5       100%        2
 Searing Ray              Conj           0%         2d4       100%        2
 Static Discharge         Conj/Air       0%         3-3/arc   100%        2
 Confusing Touch          Hex            0%         N/A       100%        3
 Hailstorm                Conj/Ice       0%         3d3       100%        3
 Sigil of Binding         Hex            0%         N/A       100%        3
 Vampiric Draining        Necr           0%         2d6       100%        3
 Airstrike                Air            0%         2d(0-16)  100%        4
 Flame Wave               Conj/Fire      0%         2d4       100%        4
 Fulminant Prism          Conj/Hex       0%         3d5       100%        4
 Plasma Beam              Fire/Air       0%         2x1d10    100%        6
 Starburst                Conj/Fire      0%         6d3       100%        6
 Orb of Destruction       Conj           0%         9d5       100%        7
 Summon Guardian Golem    Hex/Summ       Unusable   N/A       N/A         3
 Summon Ice Beast         Ice/Summ       Unusable   N/A       N/A         4
 Summon Lightning Spire   Summ/Air       Unusable   N/A       N/A         4
 Simulacrum               Ice/Necr       Unusable   N/A       N/A         6
 Summon Cactus Giant      Summ           Unusable   N/A       N/A         6
 Spellforged Servitor     Conj/Summ      Unusable   N/A       N/A         7

Dungeon Overview and Level Annotations

Branches:
Dungeon (11/15)            Temple (1/1) D:4            Lair (5/5) D:11
 Shoals (0/4) Lair:3       Spider (0/4) Lair:2          Orc (0/2) D:9
Ossuary (visited)         Gauntlet (visited)
  Slime: Lair:4-5

Altars:
Ashenzari
Cheibriados
Dithmenos
Fedhas
Gozag
Hepliaklqana
Kikubaaqudgha
Makhleb
Nemelex Xobeh
Okawaru
Qazlal
Ru
Sif Muna
Trog
Uskayaw
Vehumet
Wu Jian
Xom
Yredelemnul

Shops:
D:4 [   D:9 *

Annotations:
Lair:3 1 runed translucent door, leebro123's ghost, journeyman OpBr
Lair:5 1 runed translucent door


Innate Abilities, Weirdness & Mutations

You have hoof-like feet.
A meltable icy envelope protects you from harm. (AC +0)
You are mostly covered in sharp spines.
You are partially covered in razor-sharp scales. (AC +1, Slay +1)
A meltable shield of frost defends you. (SH +0)


Message History

The catoblepas breathes a plume of calcifying dust at you.
The blast of calcifying dust hits you but does no damage.
The water moccasin bites you but does no damage.
An elephant comes into view.
You closely miss the water moccasin.
The elephant trumpets!
The water moccasin bites you but does no damage.
An elephant comes into view.
You closely miss the water moccasin.
The elephant trumpets!
The water moccasin bites you but does no damage.
You impale the water moccasin!!
The water moccasin is almost dead.
The water moccasin is struck by your spines.
You kill the water moccasin!
Okawaru accepts your kill.
You have reached level 14!
Your demonic ancestry asserts itself...
Sharp spines emerge from more of your body.
You puncture the komodo dragon!
The komodo dragon is poisoned.
The komodo dragon is lightly wounded.
An elephant comes into view. x2
The elephant trumpets!
You puncture the komodo dragon!
The komodo dragon looks as sick as possible!
The komodo dragon is heavily wounded.
The komodo dragon is struck by your spines.
The komodo dragon bites you!
* * * LOW HITPOINT WARNING * * *
The catoblepas breathes a plume of calcifying dust at you.
The blast of calcifying dust hits you but does no damage.
The catoblepas breathes a plume of calcifying dust at you.
The blast of calcifying dust hits you but does no damage.
You are engulfed in calcifying dust.
You are slowing down.
The komodo dragon is engulfed in calcifying dust.
The komodo dragon is moving more slowly.
The komodo dragon bites you but does no damage.
The catoblepas gores you!!
You die...

##.. ##.#Y.
#..#... ##
....Y..
#§##P.YY...
##§l.......
##P@§†.....#
#...Y......#
#........###
#....[..##
#........#
........###
.........#
........##
#########


You could see a catoblepas, 4 elephants and a komodo dragon (petrifying,
extremely poisoned).

Vanquished Creatures
  Gastronok (Lair:1)
  A minotaur (Gauntlet)
  3 hydras
  2 boulder beetles
  7 death yaks
  Urug (Lair:1)
  Nergalle (Lair:1)
  3 skysharks
  Amaemon (D:8)
  An arcanist (Gauntlet)
  Pikel (D:4)
  2 worldbinders (Gauntlet)
  A cyclops (D:11)
  A merfolk siren (Lair:3)
  12 elephants
  3 black mambas
  Joseph (D:8)
  8 cane toads
  Maggie (D:8)
  3 unseen horrors (D:11)
  3 komodo dragons
  A rime drake (Lair:1)
  A polar bear (Lair:5)
  2 trolls
  9 blink frogs
  6 dream sheep (Lair:3)
  Grinder (D:4)
  2 wraiths
  A culicivora (Lair:2)
  A jumping spider (Lair:2)
  A vampire (D:11)
  5 shadows
  47 yaks
  5 wyverns
  A basilisk (Lair:1)
  5 redbacks (Lair:2)
  2 steam dragons
  Menkaure (D:6)
  Edmund (D:6)
  2 acid dragons
  3 hell hounds (Lair:5)
  4 water moccasins
  4 black bears
  2 ice beasts
  5 boggarts (Gauntlet)
  2 sky beasts (D:7)
  3 centaurs
  4 ogres
  15 wolves
  4 phantoms
  Blork the orc (D:6)
  4 bullfrogs
  4 kobold brigands
  2 scorpions
  13 wights
  13 howler monkeys
  2 electric eels
  2 lava snakes (Lair:5)
  5 quasits (D:6)
  4 hounds
  A jelly (D:5)
  7 orc priests
  A gnoll bouda (D:6)
  Jessica (D:3)
  Natasha (thrice) (D:4)
  7 iguanas
  3 orc wizards
  8 mummies (Ossuary)
  Robin (D:2)
  3 gnolls (D:6)
  12 adders
  6 shadow imps
  6 white imps
  8 ufetubi
  A worm (D:2)
  4 dart slugs
  25 orcs
  8 endoplasms
  9 giant cockroaches
  16 hobgoblins
  6 jackals
  5 quokkas
  7 ball pythons
  3 bats
  3 frilled lizards
  15 goblins
  2 hobgoblin zombies (Ossuary)
  21 kobolds
  2 kobold zombies (Ossuary)
  4 orc zombies (Ossuary)
  8 rats
453 creatures vanquished.

Notes
Turn   | Place    | Note
-------+----------+-------------------------------------------
     0 | D:1      | BinkBink the Demonspawn Gladiator began the quest for the
                  | Orb.
     0 | D:1      | Reached XP level 1. HP: 16/16 MP: 1/1
   230 | D:1      | Gained mutation: You have large cloven feet. [demonic
                  | ancestry]
   230 | D:1      | Reached XP level 2. HP: 19/22 MP: 2/2
   804 | D:2      | Gained mutation: A meltable shield of frost defends you.
                  | (SH +0) [demonic ancestry]
   804 | D:2      | Reached XP level 3. HP: 28/28 MP: 3/3
  1350 | D:3      | Reached XP level 4. HP: 27/34 MP: 4/4
  1400 | D:3      | Identified the +8 flail "Wuohi" {protect, SInv}
  1455 | D:3      | Reached skill level 1 in Maces & Flails
  1512 | D:3      | Noticed Robin
  1574 | D:2      | Killed Robin
  1575 | D:2      | Gained mutation: You are partially covered in razor-sharp
                  | scales. (AC +1, Slay +1) [demonic ancestry]
  1575 | D:2      | Reached XP level 5. HP: 40/40 MP: 5/5
  1730 | D:3      | Found a faded altar of an unknown god.
  1838 | D:3      | Found an ancient bone altar of Kikubaaqudgha.
  1943 | D:3      | Found a radiant altar of Vehumet.
  1985 | D:3      | Identified the +4 hand axe of the Ubiquitous God {elec,
                  | MP+9}
  2243 | D:3      | Reached skill level 2 in Maces & Flails
  2246 | D:3      | Noticed Jessica
  2252 | D:3      | Killed Jessica
  2355 | D:4      | Noticed an ogre
  2364 | D:4      | Killed an ogre
  2365 | D:4      | Gained mutation: You have hoof-like feet. [demonic
                  | ancestry]
  2365 | D:4      | Reached XP level 6. HP: 47/47 MP: 6/6
  2432 | D:4      | Noticed Grinder
  2447 | D:4      | Killed Grinder
  2448 | D:4      | Reached skill level 3 in Maces & Flails
  2448 | D:4      | Reached XP level 7. HP: 41/53 MP: 7/7
  2791 | D:4      | Noticed Pikel
  2807 | D:4      | Killed Pikel
  2808 | D:4      | Reached skill level 4 in Maces & Flails
  2808 | D:4      | Gained mutation: A meltable icy envelope protects you from
                  | harm. (AC +0) [demonic ancestry]
  2808 | D:4      | Reached XP level 8. HP: 55/61 MP: 8/8
  3060 | D:4      | Found a basalt altar of Yredelemnul.
  3095 | D:4      | Noticed Natasha
  3098 | D:4      | Killed Natasha
  3099 | D:4      | Reached skill level 5 in Maces & Flails
  3202 | D:4      | Found Perseus's Dragon-Slaying Spoils.
  3347 | D:4      | Noticed Natasha
  3360 | D:4      | Killed Natasha
  3433 | D:4      | Found a staircase to the Ecumenical Temple.
  3522 | D:4      | Noticed Natasha
  3529 | D:4      | Killed Natasha
  3530 | D:4      | Reached skill level 5 in Fighting
  3594 | Temple   | Entered the Ecumenical Temple
  3604 | Temple   | Became a worshipper of Warmaster Okawaru
  3764 | D:5      | Entered Level 5 of the Dungeon
  3803 | D:5      | Reached skill level 5 in Dodging
  3926 | D:5      | Reached skill level 6 in Maces & Flails
  3956 | D:5      | Reached * piety under Okawaru
  4040 | D:5      | Reached skill level 5 in Throwing
  4102 | D:5      | Reached XP level 9. HP: 68/68 MP: 9/9
  4484 | D:6      | Reached ** piety under Okawaru
  4485 | D:6      | Reached skill level 7 in Maces & Flails
  4520 | D:6      | Noticed Menkaure
  4532 | D:6      | Killed Menkaure
  4621 | D:6      | Noticed Edmund
  4633 | D:6      | Killed Edmund
  4811 | D:6      | Noticed Blork the orc
  4820 | D:6      | Killed Blork the orc
  5236 | D:7      | Reached *** piety under Okawaru
  5334 | D:7      | Reached skill level 8 in Maces & Flails
  5334 | D:7      | Reached XP level 10. HP: 57/77 MP: 10/10
  6133 | D:8      | Noticed Joseph
  6157 | D:8      | Killed Joseph
  6253 | D:8      | Reached **** piety under Okawaru
  6293 | D:8      | Reached skill level 9 in Maces & Flails
  6351 | D:8      | Noticed Maggie
  6363 | D:8      | Killed Maggie
  6389 | D:8      | Identified the +6 sling of Dowdy Blind Justice {freeze,
                  | rElec Str+2 Dex+5}
  6432 | D:8      | Found a sand-covered staircase.
  6469 | Ossuary  | Entered an ossuary
  6981 | D:8      | Reached ***** piety under Okawaru
  7113 | D:8      | Noticed Amaemon
  7116 | D:8      | Noticed an orange demon
  7131 | D:8      | Killed Amaemon
  7132 | D:8      | Gained mutation: You are partially covered in sharp spines.
                  | [demonic ancestry]
  7132 | D:8      | Reached XP level 11. HP: 15/86 MP: 9/11
  7491 | D:9      | Received a gift from Okawaru
  7835 | D:9      | Found Ciodd's Elemental Accessories.
  7921 | D:9      | Found a staircase to the Orcish Mines.
  8248 | D:10     | Entered Level 10 of the Dungeon
  8429 | D:10     | Reached skill level 10 in Maces & Flails
  9299 | D:11     | Noticed a death yak
  9462 | D:11     | Noticed a death yak
  9464 | D:11     | Noticed a death yak
  9629 | D:11     | Noticed a boulder beetle
  9652 | D:11     | Killed a boulder beetle
  9989 | D:11     | Found a staircase to the Lair.
 10117 | D:11     | Killed a death yak
 10129 | D:11     | Killed a death yak
 10140 | D:11     | Reached skill level 11 in Maces & Flails
 10358 | D:4      | Bought +0 gold dragon scales for 960 gold pieces
 11050 | D:11     | Killed a death yak
 11055 | Lair:1   | Entered Level 1 of the Lair of Beasts
 11078 | Lair:1   | Noticed Nergalle
 11092 | Lair:1   | Killed Nergalle
 11093 | Lair:1   | Reached XP level 12. HP: 86/95 MP: 12/12
 11206 | Lair:1   | Reached ****** piety under Okawaru
 11273 | Lair:1   | Received a gift from Okawaru
 11588 | Lair:1   | Noticed Urug
 11605 | Lair:1   | Killed Urug
 11606 | Lair:1   | Reached skill level 12 in Maces & Flails
 11698 | Lair:1   | Noticed Gastronok
 11718 | Lair:1   | Killed Gastronok
 11816 | Lair:1   | Reached skill level 10 in Fighting
 11819 | Lair:1   | Received a gift from Okawaru
 12191 | Lair:2   | Noticed a six-headed hydra
 12198 | Lair:2   | Killed a six-headed hydra
 12478 | Lair:2   | Found a hole to the Spider Nest.
 12623 | Lair:2   | Reached XP level 13. HP: 89/103 MP: 13/13
 12624 | Lair:2   | Received a gift from Okawaru
 13376 | Lair:3   | Reached skill level 13 in Maces & Flails
 13444 | Lair:3   | Found a runed translucent door.
 13444 | Lair:3   | Found a shimmering altar of Xom.
 13444 | Lair:3   | Noticed leebro123's ghost (journeyman OpBr)
 13512 | Lair:3   | Found a staircase to the Shoals.
 13645 | Lair:3   | Reached skill level 10 in Dodging
 13926 | Lair:3   | Received a gift from Okawaru
 14107 | Lair:3   | Acquired a +3 great mace of draining
 14107 | Lair:3   | Received a gift from Okawaru
 14166 | Gauntlet | Identified the "Duoblago"
 14656 | Lair:4   | Reached skill level 10 in Throwing
 14695 | Lair:4   | Found a gate leading to a gauntlet.
 14707 | Gauntlet | Entered a Gauntlet
 14707 | Gauntlet | Found a transporter.
 14707 | Gauntlet | Found a transporter.
 14707 | Gauntlet | Found a transporter.
 14739 | Gauntlet | Found a transporter.
 14742 | Gauntlet | Found a transporter.
 14752 | Gauntlet | Found a transporter.
 14819 | Gauntlet | Found a transporter.
 14833 | Gauntlet | Found a transporter.
 14844 | Gauntlet | Found a transporter.
 14860 | Gauntlet | Found a transporter.
 14869 | Gauntlet | Found a transporter.
 14875 | Gauntlet | Found a transporter.
 15035 | Gauntlet | Identified the ring "Qido Gih" {Will+ Dex+6}
 15117 | Gauntlet | Identified the ring of Lecimep {rPois Int+3 SInv Stlth-}
 15121 | Gauntlet | Noticed a minotaur
 15134 | Gauntlet | Killed a minotaur
 15135 | Gauntlet | Reached skill level 1 in Invocations
 15144 | Gauntlet | Found the +8 Vampire's Tooth {megavamp}
 15181 | Gauntlet | Identified the +11 morningstar "Vuptoaja" {venom, Will++
                  | Str+4 Int+3}
 15181 | Gauntlet | Identified the +1 scimitar "Biyniz" {chaos, Int+7}
 15181 | Gauntlet | Identified the amulet of Arrival {Acrobat Harm *Slow Dex+6
                  | Slay+3}
 15285 | Lair:4   | Received a gift from Okawaru
 16027 | Lair:5   | Entered Level 5 of the Lair of Beasts
 16127 | Lair:5   | Reached skill level 14 in Maces & Flails
 16191 | Lair:5   | Found a large runed translucent door.
 16207 | Lair:5   | HP: 3/106 [black mamba (4)]
 16214 | Lair:5   | Gained mutation: You are mostly covered in sharp spines.
                  | [demonic ancestry]
 16214 | Lair:5   | Reached XP level 14. HP: 17/113 MP: 16/16
 16217 | Lair:5   | Slain by a catoblepas

Illustrated notes

Levels and vault maps discovered:
D:1:      dpeg_arrival_round_a, layout_basic, hangedman_feature_mirror
D:2:      layout_basic
D:3:      minmay_door_path, layout_loops_cross, kiku_gazebo_pond_becter,
          gammafunk_temple_overflow_elements,
          dreamdust_ecumenical_altar_angels_and_demons, uniq_robin, uniq_jessica
D:4:      layout_loops_corners, kennysheep_mini, temple_hall,
          nicolae_shop_dragon_depot, minmay_misc_feat_tower, st_stairs_9,
          uniq_pikel, uniq_grinder, uniq_natasha
D:5:      layout_gridville
D:6:      layout_gridville, serial_demonic, serial_demonic_f, serial_demonic_d,
          serial_demonic_c, serial_demonic_g, serial_demonic_a,
          serial_demonic_d, serial_demonic_b, serial_demonic_g,
          serial_demonic_b, serial_demonic_a, uniq_edmund, uniq_menkaure,
          uniq_blork_the_orc
D:7:      layout_loops_ring
D:8:      layout_basic, lightli_ossuary_entry_decrepit_ruins,
          hangedman_decor_lopped, serial_library_hellmonk_hallway_b,
          uniq_amaemon, uniq_maggie, uniq_joseph
D:9:      layout_basic, orc_0_dummy, nicolae_elemental_shop
D:10:     layout_gridville
D:11:     layout_gridville, dpeg_lair_monsters
Temple:   nicolae_temple_two_arcs
Lair:1:   layout_regular_city, chequers_serial_rivers_micro_a,
          grunt_megastairs_3, lemuel_fruit_tree, uniq_urug, uniq_nergalle,
          uniq_gastronok
Lair:2:   layout_chaotic_city, nicolae_spider_entry_tight_spaces,
          serial_bayou_lagoon_b, grunt_megastairs_4
Lair:3:   layout_cave_pods, elwin_shoals_entry_rooms, ebering_ghost_xom,
          st_stairs_11
Lair:4:   layout_cave_pods, gauntlet_entry_generic, infiniplex_staircase_pool_2
Lair:5:   cheibrodos_lair_end_hotspot, layout_hall_layers,
          dpeg_slime_entry_enclosed, serial_bayou_shore_b

Skill      XL: |  1  2  3  4  5  6  7  8  9 10 11 12 13 |
---------------+----------------------------------------+-----
Throwing       | 2 3 4 5 6 7 8 9 10 | 10.4
Axes           | 3 |  3.5
Dodging        | 3 4 5 6 7 8 9 10 | 10.6
Maces & Flails | 1 2 3 4 6 8 9 11 12 14 | 14.0
Fighting       | 3 4 5 6 7 9 10 11 | 11.3
Invocations    | 3 |  3.2

Action                     |  1- 3 |  4- 6 |  7- 9 | 10-12 | 13-15 || total
---------------------------+-------+-------+-------+-------+-------++-------
  Melee: War axe           |   114 |     9 |       |       |       ||   123
         Kick              |     3 |       |       |       |       ||     3
         Flail             |       |   108 |   315 |   678 |   250 ||  1351
         Punch             |       |       |     7 |    11 |     6 ||    24
         Morningstar       |       |       |       |       |   103 ||   103
  Throw: Throwing net      |       |     2 |     1 |       |       ||     3
         Javelin           |       |     1 |       |       |     2 ||     3
         Boomerang         |       |       |       |     9 |     4 ||    13
 Invoke: Heroism           |       |       |       |     3 |     1 ||     4
         Receive Weapon    |       |       |       |       |     1 ||     1
    Use: Potion            |       |       |       |     1 |     2 ||     3
         Scroll            |       |       |       |    16 |     5 ||    21
   Stab: Held in net/web   |       |       |     1 |       |       ||     1
         Distracted        |       |       |       |     1 |       ||     1
 Armour: Chain mail        |    97 |    81 |   381 |   139 |       ||   698
         Leather armour    |     1 |       |       |       |       ||     1
         Swamp dragon scal |       |       |       |   106 |       ||   106
         Gold dragon scale |       |       |       |   249 |   456 ||   705
  Dodge: Dodged            |    41 |    57 |   197 |   223 |    60 ||   578
  Block: Other             |    14 |    26 |    84 |   100 |    45 ||   269

Table legend: (Time is in decaauts)
 A = Elapsed time spent in this place.
 B = Non-inter-level travel time spent in this place.
 C = Inter-level travel time spent in this place.
 D = Time resting spent in this place.
 E = Time spent auto-exploring this place.
 F = Levels seen in this place.
 G = Mean time per level.
                   A        B        C        D        E       F      G
               +--------+--------+--------+--------+--------+-----+--------+
         Total |  16213 |  15031 |   1182 |   1009 |  10404 |  19 |  853.3 |
       Dungeon |  10803 |   9784 |   1019 |    780 |   6933 |  11 |  982.1 |
        Temple |     20 |     10 |     10 |      0 |      0 |   1 |   20.0 |
          Lair |   4523 |   4372 |    151 |    119 |   3107 |   5 |  904.6 |
       Ossuary |    317 |    317 |      0 |     78 |    121 |   1 |  317.0 |
      Gauntlet |    547 |    547 |      0 |     31 |    242 |   1 |  547.0 |
               +--------+--------+--------+--------+--------+-----+--------+

Top non-repeatable levels by time:
     D:4: 1580 daAuts
    D:11: 1519 daAuts
     D:8: 1311 daAuts
  Lair:4: 1272 daAuts
  Lair:1: 1089 daAuts
  Lair:3: 1081 daAuts
     D:6: 1074 daAuts
    D:10: 916 daAuts
  Lair:2: 901 daAuts
     D:3: 889 daAuts
     D:1: 821 daAuts
     D:9: 761 daAuts
     D:7: 748 daAuts
     D:2: 714 daAuts
Gauntlet: 547 daAuts
